 Dungeon Crawl Stone Soup version 0.31-a0-182-gc5ef74bbde (webtiles) character file.

Game seed: 1706354925773765695

165 qw the Chopper (level 5, -15/32 HPs)
             Began as a Gargoyle Fighter on June 20, 2023.
             Demolished by Eustachio
             ... wielding a +0 heavy falchion
              (17 damage)
             ... on level 4 of the Dungeon.
             The game lasted 00:01:02 (2615 turns).

qw the Chopper (Gargoyle Fighter)                   Turns: 2615, Time: 00:01:03

Health: -15/32     AC: 10    Str: 21    XL:     5   Next: 46%
Magic:  5/5        EV:  9    Int:  9    God:
Gold:   154        SH:  4    Dex:  9    Spells: 4/4 levels left

rFire   . . .        Y - +0 war axe
rCold   . . .        c - +0 buckler
rNeg    + . .        b - +0 scale mail
rPois   inf          (no helmet)
rElec   +            (no cloak)
rCorr   .            (no gloves)
SInv    .            (no boots)
Will    .....        (no amulet) Stlth
                     (no ring)
HPRegen 0.25/turn    (no ring)
MPRegen 0.09/turn

%: no passive effects
@: no status effects
A: sickness immunity, AC +4, negative energy resistance 1, electricity
resistance, torment resistance 1, petrification resistance
a: no special abilities


You were on level 4 of the Dungeon.
You visited 1 branch of the dungeon, and saw 4 of its levels.

You collected 180 gold pieces.
You spent 26 gold pieces at shops.


Innate Abilities, Weirdness & Mutations

You are immune to sickness and miasma.
Your stone body is resilient. (AC +4)
You are immune to poison.
You resist negative energy. (rN+)
You are resistant to electric shocks. (rElec)
You are resistant to unholy torment.
You are immune to petrification.


   Skills:
 + Level 3.2 Fighting
 - Level 5.0 Axes
 - Level 3.2 Armour
 - Level 3.2 Shields


You had 4 spell levels left.
You didn't know any spells.
Your spell library was empty.

Inventory:

Hand Weapons
 k - a +0 flail
 Y - a +0 war axe (weapon)
Missiles
 i - 5 boomerangs (quivered)
Armour
 b - a +0 scale mail (worn)
 c - a +0 buckler (worn)
Scrolls
 g - a scroll of identify
Potions
 a - a potion of brilliance {unknown}
 d - 2 potions of might
 f - a potion of curing
 h - a potion of enlightenment {unknown}
 j - a potion of haste {unknown}
 l - a potion of lignification {unknown}

Dungeon Overview and Level Annotations

Branches:
Dungeon (4/15)
 Temple: D:4-7

Altars:

Shops:
D:1 *

Annotations:
D:4 Eustachio


Message History

Eustachio blinks!
You slash the crimson imp!
The crimson imp is severely wounded.
You hit the crimson imp.
The crimson imp hits you but does no damage.
You block the crimson imp's attack.
You slash the crimson imp!
You kill the crimson imp!
The crimson imp disappears in a puff of smoke!
You hit the crimson imp. The crimson imp closely misses you.
The crimson imp barely misses you.
You slash Eustachio!
Eustachio is moderately wounded.
You hit the crimson imp.
Eustachio hits you with a +0 heavy falchion!
The crimson imp blinks!
You hit Eustachio.
Eustachio is heavily wounded.
Eustachio hits you with a +0 heavy falchion!!
Ouch! That really hurt!
You barely miss Eustachio.
Eustachio is heavily wounded.
The crimson imp blinks!
You block Eustachio's attack. The crimson imp spits at you.
You slash Eustachio!
Eustachio is severely wounded.
Eustachio barely misses you.
You barely miss Eustachio.
Eustachio is severely wounded.
Eustachio casts a spell.
You barely miss Eustachio.
Eustachio is severely wounded.
Eustachio hits you with a +0 heavy falchion.
You slash Eustachio!
Eustachio is almost dead.
You hit the river rat. The river rat bites you.
Eustachio hits you with a +0 heavy falchion!
Ouch! That really hurt!
You die...

.... ####### .....
##.....# ...#
#......#######...##
#....[.............
#..<...............
#..................
##@r.####...###..##
###@..####...###+##
#..................
#..5...............
#.....%............
#..................
##....#####+#######
#....# .!......
........


You could see Eustachio (strong), a crimson imp (summoned) and a river rat
(summoned).

Vanquished Creatures
  2 hounds (D:4)
  3 adders
  A shadow imp (D:4)
  A worm (D:2)
  2 dart slugs
  3 ball pythons
  7 bats
  8 endoplasms
  3 giant cockroaches
  4 goblins
  5 hobgoblins
  4 jackals (D:1)
  5 quokkas
  3 frilled lizards
  5 kobolds
  3 rats
59 creatures vanquished.

Notes
Turn   | Place    | Note
-------+----------+-------------------------------------------
     0 | D:1      | qw the Gargoyle Fighter began the quest for the Orb.
     0 | D:1      | Reached XP level 1. HP: 14/14 MP: 1/1
     0 | D:1      | 0 ||| qw: Version: 0.3-a-9-g12657ce
     0 | D:1      | 0 ||| qw: Game counter: 1455
     0 | D:1      | 0 ||| qw: Always use a shield: true
     0 | D:1      | 0 ||| qw: God list: Okawaru
     0 | D:1      | 0 ||| qw: Allow faded altars: false
     0 | D:1      | 0 ||| qw: Do Orc after D:15 true
     0 | D:1      | 0 ||| qw: Do second Lair branch before Depths: true
     0 | D:1      | 0 ||| qw: Lair rune preference: random
     0 | D:1      | 0 ||| qw: Plans: Normal, Zot:1-4, Slime:5, God:TSO, Crypt,
                  | Tomb, Abyss, Pan, Hells, Win
     0 | D:1      | 0 ||| PLANNING D:1-11
    51 | D:1      | Reached skill level 2 in Axes
   105 | D:1      | Reached XP level 2. HP: 18/19 MP: 2/2
   421 | D:1      | Reached skill level 3 in Axes
   570 | D:1      | Reached XP level 3. HP: 23/23 MP: 3/3
   593 | D:1      | Found Gikhlo Epodgh's Assorted Antiques.
   641 | D:1      | 641 ||| SHOPLISTING 2 bubbling pink potions (52 gold, have
                  | 36).
   641 | D:1      | 641 ||| BUYING bubbling ruby potion (26 gold).
   641 | D:1      | Bought a bubbling ruby potion for 26 gold pieces
   641 | D:1      | 641 ||| SHOPLISTING curved gold wand (116 gold, have 10).
   641 | D:1      | 641 ||| SHOPLISTING dented malachite amulet (145 gold, have
                  | 10).
   641 | D:1      | 641 ||| SHOPLISTING glowing ring mail (203 gold, have 10).
   641 | D:1      | 641 ||| SHOPLISTING long wooden wand (116 gold, have 10).
   641 | D:1      | 641 ||| SHOPLISTING scroll labelled POZXOA JAOXT (29 gold,
                  | have 10).
   707 | D:1      | 707 ||| READING scroll labelled QOJYWKUNUO.
   712 | D:1      | 712 ||| READING 2 scrolls labelled VUPACK GIRIE.
   713 | D:1      | 713 ||| READING scroll labelled QEVVEG UGRAIMA.
   714 | D:1      | 714 ||| READING scroll labelled ZIWAIL DATSOLE.
   728 | D:2      | 728 ||| STAIRDANCE
   791 | D:2      | 791 ||| Stepping ~*~*~tactically~*~*~ (stealth).
   793 | D:2      | 793 ||| Stepping ~*~*~tactically~*~*~ (stealth).
  1074 | D:2      | 1074 ||| Stepping ~*~*~tactically~*~*~ (stealth).
  1075 | D:2      | 1075 ||| Stepping ~*~*~tactically~*~*~ (stealth).
  1132 | D:2      | Reached XP level 4. HP: 24/28 MP: 4/4
  1282 | D:2      | Identified the +10 sling "Hynwal" {drain, Fragile rElec
                  | Str+2}
  1457 | D:2      | 1457 ||| DROPPING orb of mayhem.
  1458 | D:2      | 1458 ||| READING scroll labelled JUFICINOLE.
  1459 | D:2      | 1459 ||| DRINKING 2 bubbling pink potions.
  1500 | D:3      | Reached skill level 4 in Axes
  1824 | D:3      | 1824 ||| Stepping ~*~*~tactically~*~*~ (stealth).
  1832 | D:3      | 1832 ||| Stepping ~*~*~tactically~*~*~ (stealth).
  1848 | D:3      | 1848 ||| DROPPING +0 whip.
  2204 | D:3      | Found a faded altar of an unknown god.
  2518 | D:4      | 2518 ||| Stepping ~*~*~tactically~*~*~ (stealth).
  2523 | D:4      | Reached XP level 5. HP: 25/32 MP: 5/5
  2535 | D:4      | Reached skill level 5 in Axes
  2536 | D:4      | Noticed Eustachio
  2537 | D:4      | 2537 ||| FLEEEEING.
  2543 | D:4      | 2543 ||| STAIRDANCE
  2597 | D:4      | 2597 ||| Stepping ~*~*~tactically~*~*~ (stealth).
  2610 | D:4      | HP: 6/32 [Eustachio/+0 heavy falchion (19)]
  2615 | D:4      | HP: 2/32 [river rat[Eustachio] (2)]
  2615 | D:4      | Demolished by Eustachio

Levels and vault maps discovered:
D:1:      dpeg_arrival_orchard, layout_basic, serial_shops, shop
D:2:      layout_loops_ring, hangedman_feature_mirror
D:3:      layout_basic, serial_co_window_serial, co_window_cross_1,
          co_window_of_opportunity_a, co_window_corner_a, co_window_paths_b,
          co_window_corner_a, co_window_2corner, co_window_paths_c,
          co_window_corner_b, co_window_broadway_b, co_window_of_opportunity_c,
          co_window_broadway_c, co_window_paths_d, glass_columns_c,
          glass_columns_a, glass_columns_b,
          hellmonk_ecumenical_altar_inner_sanctum
D:4:      layout_gridville, uniq_grinder, uniq_eustachio

Skill      XL: |  1  2  3  4  5 |
---------------+----------------+-----
Axes           | 2 3 4 5 |  5.0
Fighting       | |  3.2
Armour         | |  3.2
Shields        | |  3.2

Action                     |  1- 3 |  4- 6 || total
---------------------------+-------+-------++-------
  Melee: War axe           |    81 |    57 ||   138
  Throw: Boomerang         |    22 |    38 ||    60
    Use: Scroll            |     4 |     1 ||     5
         Potion            |       |     1 ||     1
 Armour: Scale mail        |    39 |    30 ||    69
  Dodge: Dodged            |    36 |    22 ||    58
  Block: Buckler           |    20 |     8 ||    28

Table legend:
 A = Non-vault XP
 B = Vault XP
 C = Vault XP percentage of total XP
 D = Non-vault monster count
 E = Vault monster count
 F = Vault count percentage of total count
                 A         B        C        D         E       F
            +---------+---------+-------+---------+---------+-------
      Total |     236 |       0 |   0.0 |      59 |       0 |   0.0
            +---------+---------+-------+---------+---------+-------
        D:1 |      44 |       0 |   0.0 |      24 |       0 |   0.0
        D:2 |      53 |       0 |   0.0 |      20 |       0 |   0.0
        D:3 |      44 |       0 |   0.0 |      12 |       0 |   0.0
        D:4 |      95 |       0 |   0.0 |       3 |       0 |   0.0
            +---------+---------+-------+---------+---------+-------
